General information
- name: BNet
- type: Ladder team game (AT/RT)
- host: Battle.net
- saver: Flashbang_Omnix
map: TwilightRuins
- players: 8
- length: 18:05
- speed: Fast
- version: 1.26 W3XP
- replay type: Public
» download(139 KB)
Players
team 1 (loser)
tebowcrabppl (
green | 64 APM | 611 actions | 09:29)
2 Death Knight
1 Death Coil
1 Unholy Aura
1 Lich
1 Frost Nova
» actions
| Basic commands | 50 | |
| Build / train | 41 | |
| ESC pressed | 2 | |
| Enter build submenu | 9 | |
| Enter hero's abilities submenu | 3 | |
| Remove unit from queue | 2 | |
| Right click | 335 | |
| Select / deselect | 141 | |
| Use ability | 28 | |
611 total
» units
| Acolyte | 10 | |
| Ghoul | 4 | |
| Crypt Fiend | 7 | |
21 total
» buildings
| Graveyard | 1 | |
| Crypt | 1 | |
| Ziggurat | 3 | |
| Altar of Darkness | 1 | |
| Tomb of Relics | 1 | |
| Nerubian Tower | 2 | |
| Halls of the Dead | 1 | |
| Slaughterhouse | 1 | |
11 total
» build order
00:23 Graveyard
00:26 Crypt
00:52 Ziggurat
00:57 Altar of Darkness
01:15 Tomb of Relics
02:01 Ziggurat
02:13 Nerubian Tower
03:11 Nerubian Tower
04:59 Halls of the Dead
07:11 Ziggurat
07:38 Slaughterhouse
» items
| Rod of Necromancy | 1 | |
| Sacrificial Skull | 1 | |
2 total
beast_reborn (
pink | 26 APM | 423 actions | 16:01)
3 Death Knight
2 Death Coil
1 Unholy Aura
1 Lich
1 Frost Nova
» actions
| Build / train | 42 | |
| Enter build submenu | 15 | |
| Enter hero's abilities submenu | 4 | |
| Right click | 179 | |
| Select / deselect | 146 | |
| Use ability | 37 | |
423 total
» units
| Acolyte | 3 | |
| Ghoul | 6 | |
| Crypt Fiend | 11 | |
| Frost Wyrm | 5 | |
25 total
» upgrades
| Unholy Strength | 1 | |
| Creature Attack | 2 | |
| Creature Carapace | 2 | |
| Web | 2 | |
| Freezing Breath | 1 | |
8 total
» buildings
| Ziggurat | 7 | |
| Altar of Darkness | 1 | |
| Crypt | 1 | |
| Graveyard | 1 | |
| Tomb of Relics | 1 | |
| Halls of the Dead | 2 | |
| Black Citadel | 1 | |
| Sacrificial Pit | 1 | |
| Boneyard | 2 | |
17 total
» build order
00:12 Ziggurat
00:21 Altar of Darkness
00:37 Crypt
01:12 Graveyard
01:22 Ziggurat
01:35 Tomb of Relics
02:59 Halls of the Dead
02:59 Halls of the Dead
04:34 Ziggurat
05:39 Black Citadel
05:44 Sacrificial Pit
06:57 Ziggurat
08:15 Boneyard
08:20 Boneyard
08:24 Ziggurat
10:40 Ziggurat
12:23 Ziggurat
Flashbang_Omnix (
yellow | 66 APM | 1202 actions | 18:05)
2 Mountain King
1 Storm Bolt
1 Bash
» actions
| Basic commands | 16 | |
| Build / train | 48 | |
| ESC pressed | 3 | |
| Enter build submenu | 18 | |
| Enter hero's abilities submenu | 2 | |
| Right click | 859 | |
| Select / deselect | 199 | |
| Use ability | 57 | |
1202 total
» units
| Peasant | 15 | |
| Footman | 3 | |
| Rifleman | 2 | |
20 total
» upgrades
» buildings
| Altar of Kings | 1 | |
| Lumber Mill | 1 | |
| Scout Tower | 14 | |
| Arcane Tower | 2 | |
| Farm | 4 | |
| Guard Tower | 9 | |
| Barracks | 2 | |
| Keep | 1 | |
| Blacksmith | 1 | |
| Arcane Vault | 1 | |
36 total
» build order
00:06 Altar of Kings
00:09 Lumber Mill
00:13 Scout Tower
00:25 Scout Tower
00:58 Arcane Tower
01:18 Farm
02:11 Guard Tower
02:30 Scout Tower
02:43 Farm
03:04 Guard Tower
03:11 Scout Tower
04:13 Guard Tower
04:17 Barracks
04:22 Barracks
04:27 Farm
04:28 Farm
05:29 Scout Tower
05:30 Scout Tower
06:04 Guard Tower
06:45 Keep
07:15 Blacksmith
08:07 Arcane Vault
08:22 Scout Tower
08:23 Scout Tower
08:24 Scout Tower
09:04 Guard Tower
12:02 Guard Tower
12:05 Guard Tower
13:52 Scout Tower
13:52 Scout Tower
13:53 Scout Tower
13:53 Scout Tower
13:57 Scout Tower
14:25 Guard Tower
14:28 Guard Tower
14:32 Arcane Tower
» items
| Dust of Appearance | 2 | |
| Scroll of Town Portal | 2 | |
| Ivory Tower | 8 | |
12 total
wargodddddddddd (
purple | 113 APM | 1937 actions | 17:10)
2 Blood Mage
1 Flame Strike
1 Siphon Mana
1 Mountain King
1 Storm Bolt
» actions
| Assign group hotkey | 24 | |
| Build / train | 69 | |
| ESC pressed | 1 | |
| Enter build submenu | 16 | |
| Enter hero's abilities submenu | 3 | |
| Right click | 721 | |
| Select / deselect | 241 | |
| Select group hotkey | 826 | |
| Use ability | 36 | |
1937 total
» units
| Peasant | 21 | |
| Footman | 5 | |
| Siege Engine | 5 | |
| Crypt Fiend | 4 | |
| Obsidian Statue | 4 | |
| Frost Wyrm | 3 | |
42 total
» upgrades
| Masonry | 2 | |
| Defend | 1 | |
| Lumber Harvesting | 1 | |
| Barrage | 1 | |
5 total
» buildings
| Altar of Kings | 1 | |
| Farm | 7 | |
| Barracks | 2 | |
| Lumber Mill | 1 | |
| Arcane Vault | 1 | |
| Keep | 1 | |
| Blacksmith | 1 | |
| Castle | 1 | |
| Workshop | 1 | |
| Guard Tower | 3 | |
19 total
» build order
00:10 Altar of Kings
00:15 Farm
00:22 Barracks
00:55 Farm
01:21 Lumber Mill
01:39 Farm
02:16 Arcane Vault
04:19 Keep
06:03 Barracks
06:10 Blacksmith
06:36 Farm
06:44 Castle
06:51 Farm
07:19 Farm
07:43 Workshop
07:48 Farm
14:39 Guard Tower
14:49 Guard Tower
15:36 Guard Tower
» items
| Scroll of Regeneration | 4 | |
| Potion of Mana | 1 | |
| Potion of Healing | 2 | |
| Scroll of Town Portal | 1 | |
| Ivory Tower | 4 | |
12 total
team 2 (winner)

»
IamChris (
red | 116 APM | 2094 actions | 18:05)
4 Blademaster
2 Wind Walk
2 Critical Strike
3 Shadow Hunter
1 Hex
2 Healing Wave
» actions
| Assign group hotkey | 263 | |
| Basic commands | 22 | |
| Build / train | 67 | |
| Enter build submenu | 13 | |
| Enter hero's abilities submenu | 7 | |
| Remove unit from queue | 1 | |
| Right click | 935 | |
| Select / deselect | 467 | |
| Select group hotkey | 204 | |
| Use ability | 113 | |
2094 total
» units
| Peon | 12 | |
| Grunt | 9 | |
| Raider | 5 | |
| Spirit Walker | 3 | |
| Kodo Beast | 1 | |
| Demolisher | 1 | |
31 total
» upgrades
| Berserker Strength | 1 | |
| Armor | 1 | |
| Ensnare | 1 | |
| Spirit Walker Training | 2 | |
| Pillage | 1 | |
| Melee Weapons | 0 | |
| Spiked Barricades | 1 | |
| Burning Oil | 1 | |
8 total
» buildings
| Altar of Storms | 1 | |
| Orc Burrow | 6 | |
| Barracks | 1 | |
| Voodoo Lounge | 1 | |
| Stronghold | 1 | |
| War Mill | 1 | |
| Beastiary | 1 | |
| Spirit Lodge | 1 | |
| Fortress | 5 | |
| Great Hall | 1 | |
19 total
» build order
00:06 Altar of Storms
00:19 Orc Burrow
00:37 Barracks
01:27 Orc Burrow
01:59 Voodoo Lounge
03:20 Stronghold
03:57 Orc Burrow
05:15 War Mill
06:13 Beastiary
06:15 Orc Burrow
06:50 Spirit Lodge
11:16 Orc Burrow
12:04 Fortress
12:04 Fortress
12:04 Fortress
14:38 Great Hall
16:28 Orc Burrow
» items
| Healing Salve | 4 | |
| Lesser Clarity Potion | 1 | |
| Scroll of Town Portal | 4 | |
| Potion of Healing | 1 | |
10 total
KODOS_FORSAKEN (
teal | 78 APM | 1418 actions | 18:05)
5 Blademaster
2 Wind Walk
3 Critical Strike
4 Shadow Hunter
2 Hex
2 Healing Wave
4 Tauren Chieftain
2 Shockwave
2 Endurance Aura
» actions
| Assign group hotkey | 167 | |
| Build / train | 71 | |
| Enter build submenu | 13 | |
| Enter hero's abilities submenu | 13 | |
| Give item / drop item | 3 | |
| Right click | 538 | |
| Select / deselect | 252 | |
| Select group hotkey | 264 | |
| Use ability | 97 | |
1418 total
» units
» upgrades
| Envenomed Spears | 1 | |
| Ranged Weapons | 2 | |
| Armor | 2 | |
5 total
» buildings
| Altar of Storms | 1 | |
| Orc Burrow | 5 | |
| Voodoo Lounge | 1 | |
| Stronghold | 1 | |
| Beastiary | 2 | |
| Fortress | 3 | |
| Great Hall | 1 | |
| War Mill | 1 | |
15 total
» build order
00:08 Altar of Storms
00:22 Orc Burrow
00:41 Voodoo Lounge
02:37 Stronghold
03:26 Orc Burrow
04:14 Orc Burrow
04:58 Beastiary
05:00 Beastiary
06:16 Fortress
06:16 Fortress
06:16 Fortress
07:03 Orc Burrow
07:36 Great Hall
08:15 War Mill
11:17 Orc Burrow
» items
| Healing Salve | 3 | |
| Lesser Clarity Potion | 3 | |
| Boots of Speed | 1 | |
| Circlet of Nobility | 2 | |
| Staff of Teleportation | 1 | |
| Scroll of Healing | 2 | |
| Potion of Mana | 1 | |
| Scroll of Regeneration | 1 | |
14 total
scadinha (
orange | 47 APM | 846 actions | 18:05)
4 Mountain King
2 Storm Bolt
2 Bash
4 Paladin
2 Holy Light
2 Devotion Aura
» actions
| Assign group hotkey | 35 | |
| Basic commands | 104 | |
| Build / train | 57 | |
| Enter build submenu | 23 | |
| Enter hero's abilities submenu | 8 | |
| Give item / drop item | 4 | |
| Right click | 110 | |
| Select / deselect | 235 | |
| Select group hotkey | 220 | |
| Use ability | 50 | |
846 total
» units
| Peasant | 9 | |
| Footman | 8 | |
| Knight | 8 | |
| Priest | 2 | |
27 total
» upgrades
| Swords | 3 | |
| Plating | 3 | |
| Animal War Training | 1 | |
7 total
» buildings
| Altar of Kings | 1 | |
| Farm | 12 | |
| Barracks | 2 | |
| Scout Tower | 3 | |
| Arcane Tower | 1 | |
| Arcane Vault | 1 | |
| Lumber Mill | 2 | |
| Keep | 1 | |
| Blacksmith | 1 | |
| Guard Tower | 1 | |
| Castle | 1 | |
| Arcane Sanctum | 1 | |
27 total
» build order
00:12 Altar of Kings
00:22 Farm
00:25 Farm
00:37 Barracks
01:37 Scout Tower
01:47 Farm
02:07 Arcane Tower
02:31 Scout Tower
02:47 Scout Tower
03:49 Arcane Vault
03:55 Lumber Mill
04:01 Keep
04:17 Blacksmith
04:31 Farm
05:05 Guard Tower
05:38 Farm
05:39 Farm
05:50 Barracks
06:34 Castle
10:51 Arcane Sanctum
11:18 Lumber Mill
12:07 Farm
12:12 Farm
13:31 Farm
13:31 Farm
15:09 Farm
17:07 Farm
» items
| Lesser Clarity Potion | 2 | |
| Potion of Healing | 1 | |
| Scroll of Regeneration | 2 | |
| Boots of Speed | 1 | |
6 total
Falafel (
blue | 42 APM | 758 actions | 18:05)
5 Mountain King
3 Storm Bolt
2 Bash
» actions
| Assign group hotkey | 14 | |
| Basic commands | 58 | |
| Build / train | 85 | |
| Enter build submenu | 23 | |
| Enter hero's abilities submenu | 5 | |
| Give item / drop item | 1 | |
| Remove unit from queue | 1 | |
| Right click | 277 | |
| Select / deselect | 166 | |
| Select group hotkey | 76 | |
| Use ability | 52 | |
758 total
» units
| Peasant | 19 | |
| Footman | 8 | |
| Goblin Shredder | 1 | |
| Knight | 3 | |
| Spell Breaker | 8 | |
| Priest | 1 | |
| Sorceress | 7 | |
| Siege Engine | 10 | |
57 total
» upgrades
| Lumber Harvesting | 1 | |
| Swords | 2 | |
| Plating | 2 | |
| Animal War Training | 1 | |
| Sorceress Training | 1 | |
| Priest Training | 1 | |
| Gunpowder | 1 | |
| Barrage | 1 | |
10 total
» buildings
| Altar of Kings | 1 | |
| Barracks | 2 | |
| Farm | 12 | |
| Lumber Mill | 2 | |
| Scout Tower | 3 | |
| Arcane Tower | 2 | |
| Guard Tower | 1 | |
| Arcane Vault | 1 | |
| Keep | 1 | |
| Blacksmith | 1 | |
| Town Hall | 1 | |
| Castle | 1 | |
| Arcane Sanctum | 2 | |
| Workshop | 3 | |
33 total
» build order
00:08 Altar of Kings
00:13 Barracks
00:19 Farm
00:40 Farm
01:31 Lumber Mill
01:43 Lumber Mill
01:55 Scout Tower
02:05 Farm
02:35 Arcane Tower
02:51 Farm
03:14 Scout Tower
04:12 Guard Tower
04:15 Arcane Vault
04:16 Keep
05:12 Blacksmith
07:35 Farm
07:36 Farm
07:38 Farm
07:39 Farm
07:58 Town Hall
08:03 Scout Tower
09:14 Castle
09:16 Arcane Tower
10:36 Arcane Sanctum
10:38 Arcane Sanctum
10:49 Barracks
14:38 Workshop
14:39 Workshop
14:40 Workshop
17:21 Farm
17:45 Farm
17:46 Farm
17:48 Farm
» items
| Scroll of Regeneration | 1 | |
| Lesser Clarity Potion | 1 | |
| Scroll of Town Portal | 2 | |
| Orb of Fire | 1 | |
5 total
Chat log
(00:08 / All) IamChris: gl hf
(00:12 / All) tebowcrabppl: you too
(00:36 / Allies) Flashbang_Omnix: they gonna hero rush me
(00:37 / Allies) Flashbang_Omnix: again
(00:45 / All) Flashbang_Omnix: KODOS you going down
(00:47 / Allies) tebowcrabppl: 2 towers
(00:53 / All) Flashbang_Omnix: you'll regreat calling me noob
(00:54 / All) Flashbang_Omnix: noob
(01:02 / All) tebowcrabppl: AWWWW SHIT
(01:05 / All) tebowcrabppl: SNAP
(03:22 / Allies) tebowcrabppl: HELP
(03:55 / Allies) tebowcrabppl: GOLD
(05:14 / Allies) tebowcrabppl: leggo
(05:19 / Allies) tebowcrabppl: pink i heal u
(05:36 / Allies) wargodddddddddd: we wait for them to got yel with no tp
(06:21 / Allies) tebowcrabppl: lets go
(06:51 / Allies) Flashbang_Omnix: who got aa??
(06:59 / Allies) Flashbang_Omnix: mass aa please
(07:50 / Allies) tebowcrabppl: no tp
(07:58 / Allies) tebowcrabppl: dam
(08:04 / Allies) tebowcrabppl: wood????
(09:19 / All) KODOS_FORSAKEN: what a noob
(09:23 / All) KODOS_FORSAKEN: kodo #1
(09:36 / All) KODOS_FORSAKEN: another day another rape
(10:59 / Allies) Flashbang_Omnix: ty
(12:15 / All) Flashbang_Omnix: we had an undead noob
(12:17 / All) Flashbang_Omnix: lucky you
(12:22 / All) KODOS_FORSAKEN: you suck kid
(12:29 / All) Flashbang_Omnix: you suck my dick bitch
(12:31 / All) Flashbang_Omnix: stfu
(12:48 / All) KODOS_FORSAKEN: he mad
(14:48 / Allies) Flashbang_Omnix: we gotta expand
(15:20 / Allies) Flashbang_Omnix: tp NOW
(15:38 / Allies) Flashbang_Omnix: call to arms
(15:39 / Allies) Flashbang_Omnix: NOW
(16:15 / All) Flashbang_Omnix: humans sucks
(16:20 / Allies) Flashbang_Omnix: it aint my skills
(16:24 / All) Flashbang_Omnix: it aint my skills
(16:30 / All) Flashbang_Omnix: tested it out yesterday
(16:49 / All) Flashbang_Omnix: if I could I would switch out to elf
(16:59 / All) Flashbang_Omnix: cuz of bm harass
(17:09 / All) Flashbang_Omnix: it don't matter if its KODOS here or not
(17:23 / All) Flashbang_Omnix: I'll post this on highper.ch
(17:30 / All) Flashbang_Omnix: I'll humiliate myself first
(17:41 / All) Flashbang_Omnix: farewell...
(17:41 / All) KODOS_FORSAKEN: stfu noob
(17:43 / All) Flashbang_Omnix: and KODOS
(17:53 / All) Flashbang_Omnix: someday I'm gonna beat the crap outta you...
(17:57 / All) Flashbang_Omnix: noob...
(18:00 / All) Flashbang_Omnix: noob...
(18:02 / All) Flashbang_Omnix: noob...